 Dungeon Crawl Stone Soup version 0.20.1-1-g8b1a95d (webtiles) character file.

1925 vatarom the Blocker (level 9, -1/67 HPs)
             Began as a Formicid Fighter on Sept 9, 2017.
             Was an Initiate of Qazlal.
             Succumbed to ThereIsNoGod's ghost's sting
             ... on level 7 of the Dungeon.
             The game lasted 00:11:05 (5655 turns).

vatarom the Blocker (Formicid Fighter)              Turns: 5655, Time: 00:11:05

Health: -1/67      AC: 13    Str: 28    XL:     9   Next: 40%
Magic:  10/10      EV: 11    Int: 13    God:    Qazlal [......]
Gold:   320        SH: 15    Dex: 17    Spells: 8/8 levels left

rFire    + + .     SeeInvis +   a - +1 war axe
rCold    + . .     Gourm    .   c - +0 shield
rNeg     . . .     Faith    .   b - +0 scale mail
rPois    +         Spirit   .   (helmet unavailable)
rElec    +         Reflect  +   v - +0 cloak
rCorr    +         Harm     .   i - +0 pair of gloves
MR       .....                  q - +0 pair of boots
Stlth    ..........             z - +3 amulet of reflection
Regen    0.3/turn               u - +4 ring of dexterity
MPRegen  0.2/turn               g - +2 ring of evasion

@: mighty, brilliant, lethally poisoned (-1 -> -12), resistant, drained
A: permanent stasis, dig shafts and tunnels, four strong arms, antennae 3,
iridescent scales 1, fire resistance 1, strong 1
a: Dig, Shaft Self, Renounce Religion


You were on level 7 of the Dungeon.
You worshipped Qazlal.
Qazlal was noncommittal.
You were not hungry.

You visited 2 branches of the dungeon, and saw 8 of its levels.
You also visited: Ossuary.

You collected 320 gold pieces.

Inventory:

Hand Weapons
 a - a +1 war axe (weapon)
Armour
 b - a +0 scale mail (worn)
 c - a +0 shield (worn)
 i - a +0 pair of gloves (worn)
 q - a +0 pair of boots (worn)
 v - a +0 cloak (worn)
Jewellery
 e - an uncursed ring of fire
 g - a +2 ring of evasion (right hand)
 k - an uncursed ring of resist corrosion
 o - an uncursed ring of wizardry
 u - a +4 ring of dexterity (left hand)
 z - a +3 amulet of reflection (around neck)
Wands
 s - a wand of random effects (22/48)
 t - a wand of lightning (0/15)
Scrolls
 j - 3 scrolls of magic mapping
 l - 2 scrolls of fog
 w - 3 scrolls of identify
 x - 2 scrolls of remove curse
 y - 3 scrolls of enchant weapon
Potions
 p - a potion of magic
 A - 2 potions of haste
Books
 h - a book of Maledictions

   Spells                             Type                      Level
   a - Corona                         Hexes                        1
   b - Ensorcelled Hibernation        Hexes/Ice                    2
   c - Confuse                        Hexes                        3
   d - Tukima's Dance                 Hexes                        3
   e - Dazzling Spray                 Conjuration/Hexes            3
 C - a book of Debilitation

   Spells                             Type                      Level
   a - Corona                         Hexes                        1
   b - Slow                           Hexes                        2
   c - Inner Flame                    Hexes/Fire                   3
   d - Portal Projectile              Hexes/Translocation          3
   e - Cause Fear                     Hexes                        4
   f - Leda's Liquefaction            Hexes/Earth                  4
Comestibles
 f - 4 bread rations
 m - a fruit
 n - 3 royal jellies
 r - 3 meat rations
 D - a chunk of flesh


   Skills:
 - Level 4.8(3.6) Fighting
 + Level 6.8(5.6) Axes
 + Level 6.8(5.5) Armour
 - Level 9.0(7.7) Shields
 * Level 2.4(1.3) Invocations


You had 8 spell levels left.
You didn't know any spells.

Dungeon Overview and Level Annotations

Branches:
Dungeon (7/15)             Temple (1/1) D:7

Altars:
Dithmenos
Elyvilon
Fedhas
Gozag
Hepliaklqana
Kikubaaqudgha
Nemelex Xobeh
Okawaru
Qazlal
Ru
Sif Muna
Trog
Vehumet
Yredelemnul
Zin

Shops:
D:6 (:!(}

Annotations:
D:7 ThereIsNoGod's ghost, novice DrVM


Innate Abilities, Weirdness & Mutations

You cannot be hasted, slowed, berserked, paralysed or teleported.
You can dig through walls and to a lower floor.
Your four strong arms can wield two-handed weapons with a shield.
You have a pair of large antennae on your head. (SInv)
You are partially covered in iridescent scales. (AC +2)
Your flesh is heat resistant. (rF+)
Your muscles are strong. (Str +2)


Message History

You feel sick.
ThereIsNoGod's ghost shrieks, "You will never get the ORB!"
ThereIsNoGod's ghost points at you and mumbles some strange words.
The sting hits you! You resist.
You closely miss ThereIsNoGod's ghost.
ThereIsNoGod's ghost is lightly damaged.
* * * LOW HITPOINT WARNING * * *
You feel sick.
ThereIsNoGod's ghost hits you but does no damage.
You feel drained.
Unknown command.
You slash ThereIsNoGod's ghost!
ThereIsNoGod's ghost is moderately damaged.
* * * LOW HITPOINT WARNING * * *
You feel sick.
ThereIsNoGod's ghost gestures at you while chanting.
The sting hits you!
You are more poisoned.
You resist.
You die...

#.##.### ## ## #...# #.### #..
.. ...# #.... #..##. # #..#
##+###### ##...#.## #.##..#
##...## #. ........# ....#
##.....###. .. ...# #..##
##.......##.
...#.##.######...####.........#.
.............W.@....'.........'.
....##)###.#)...####.........#.
. #)# #..[#.## ##.......##. #.#
##.#### ##..)..###. #.# #.#
##...## ## ..# #.# ## ##+## ###
#.# #.# #.# ### #.# #.. #.# ##..
#.# #.##.###...


You could see ThereIsNoGod's ghost.

Vanquished Creatures
  Menkaure (D:6)
  An orc warrior (D:6)
  A sky beast (D:7)
  2 ogres (D:6)
  11 scorpions
  A howler monkey (D:4)
  2 crimson imps
  2 centaur zombies (Ossuary)
  A centaur skeleton (D:7)
  A hound (D:7)
  4 orc priests
  8 orc wizards
  A worker ant (D:7)
  A big kobold zombie (Ossuary)
  A hound zombie (D:6)
  3 mummies (Ossuary)
  4 scorpion zombies (Ossuary)
  5 adders
  3 river rats (D:5)
  4 oozes
  2 adder skeletons
  3 worms
  2 dart slugs
  4 leopard geckos
  16 orcs
  6 giant cockroaches
  A gnoll zombie (Ossuary)
  A goblin (D:2)
  5 hobgoblins
  6 jackals (D:3)
  6 kobolds
  5 quokkas
  4 ball pythons
  8 bats
  A frilled lizard (D:5)
  2 goblin zombies (Ossuary)
  2 kobold zombies (Ossuary)
  4 orc zombies (Ossuary)
  9 rats
144 creatures vanquished.

Notes
Turn   | Place    | Note
-------+----------+-------------------------------------------
     0 | D:1      | vatarom the Formicid Fighter began the quest for the Orb.
     0 | D:1      | Reached XP level 1. HP: 18/18 MP: 1/1
   221 | D:1      | Reached skill level 4 in Shields
   232 | D:1      | Reached XP level 2. HP: 24/24 MP: 2/2
   760 | D:2      | Reached XP level 3. HP: 26/29 MP: 3/3
  1394 | D:3      | Reached XP level 4. HP: 25/35 MP: 4/4
  1495 | D:3      | Reached skill level 5 in Shields
  1876 | D:3      | Reached XP level 5. HP: 22/41 MP: 5/5
  2184 | D:4      | Reached skill level 5 in Armour
  2202 | D:4      | Reached skill level 6 in Shields
  2202 | D:4      | Reached XP level 6. HP: 23/47 MP: 6/6
  2626 | D:5      | Entered Level 5 of the Dungeon
  2639 | D:5      | Found a radiant altar of Vehumet.
  2805 | D:5      | Found a sand-covered staircase.
  2834 | Ossuary  | Entered an ossuary
  2876 | Ossuary  | Reached XP level 7. HP: 41/52 MP: 7/7
  2879 | Ossuary  | Reached skill level 7 in Shields
  3098 | Ossuary  | Reached skill level 8 in Shields
  3098 | Ossuary  | Reached XP level 8. HP: 38/58 MP: 8/8
  3157 | Ossuary  | Reached skill level 5 in Axes
  3234 | Ossuary  | Gained mutation: You are partially covered in iridescent scales. (AC +2) [potion of mutation]
  3234 | Ossuary  | Gained mutation: Your muscles are strong. (Str +2) [potion of mutation]
  3234 | Ossuary  | Gained mutation: Your flesh is heat resistant. (rF+) [potion of mutation]
  3599 | D:5      | Found a sparkling altar of Nemelex Xobeh.
  3602 | D:5      | Found an opulent altar of Gozag.
  3605 | D:5      | Found an iron altar of Okawaru.
  3862 | D:6      | Found Mezxouda's Book Shoppe.
  3863 | D:6      | Found Kick's Weapon Shoppe.
  3866 | D:6      | Found Pukid's Distillery.
  3867 | D:6      | Found Noutogusa's Gadget Shoppe.
  3963 | D:6      | Reached skill level 9 in Shields
  4039 | D:6      | HP: 2/58 [orc warrior/long sword (15)]
  4344 | D:6      | Found Texzi's Weapon Emporium.
  4355 | D:6      | Reached XP level 9. HP: 47/65 MP: 9/9
  4385 | D:6      | Found a basalt altar of Yredelemnul.
  4404 | D:6      | Noticed Menkaure
  4410 | D:6      | Killed Menkaure
  4622 | D:6      | Found a stormy altar of Qazlal.
  4632 | D:6      | Became a worshipper of Qazlal Stormbringer
  5067 | D:7      | Found a staircase to the Ecumenical Temple.
  5072 | Temple   | Entered the Ecumenical Temple
  5317 | D:7      | Reached skill level 1 in Invocations
  5618 | D:7      | Noticed ThereIsNoGod's ghost (novice DrVM)
  5651 | D:7      | HP: 3/67 [poisoned by ThereIsNoGod's ghost (toxic radiance)]
  5654 | D:7      | HP: 1/67 [poisoned by ThereIsNoGod's ghost (toxic radiance)]
  5655 | D:7      | Succumbed to ThereIsNoGod's ghost's sting

Skill      XL: |  1  2  3  4  5  6  7  8  9 |
---------------+----------------------------+-----
Shields        | 4 5 6 8 9 |  9.0
Armour         | 4 5 6 |  6.8
Axes           | 3 4 6 |  6.8
Fighting       | 4 |  4.8
Invocations    | 2 |  2.4

Action                   |  1- 3 |  4- 6 |  7- 9 || total
-------------------------+-------+-------+-------++-------
Melee: War axe           |    88 |   119 |   317 ||   524
 Abil: Dig               |       |       |     1 ||     1
Evoke: Wand              |       |       |     3 ||     3
  Use: Scroll            |     5 |     2 |     5 ||    12
       Potion            |       |     1 |    17 ||    18
  Eat: Chunk             |     2 |     4 |     1 ||     7
       Fruit             |       |       |     1 ||     1
       Bread ration      |       |       |     2 ||     2
Armor: Scale mail        |    65 |    72 |    85 ||   222
Dodge: Dodged            |    51 |    57 |   119 ||   227
Block: Shield            |    61 |   102 |   188 ||   351
       Reflection        |       |       |     3 ||     3
